 Dungeon Crawl Stone Soup version 0.17-a0-1951-g62301d3 (webtiles) character file.

324 Roadrunner the Skirmisher (level 6, -7/62 HPs)
             Began as a Troll Warper on Oct 2, 2015.
             Mangled by an ice beast (11 damage)
             ... on level 4 of the Dungeon.
             The game lasted 00:13:48 (1091 turns).

Roadrunner the Skirmisher (Troll Warper)            Turns: 1091, Time: 00:13:49

Health: -7/62      AC:  6    Str: 20    XL:     6   Next: 23%
Magic:  6/6        EV: 10    Int:  9    God:
Gold:   109        SH:  0    Dex: 11    Spells: 1 memorised, 6 levels left

rFire  . . .     SeeInvis .     (no weapon)
rCold  . . .     Clarity  .     b - +0 robe
rNeg   . . .     SustAt   .     (no shield)
rPois  .         Gourm    +     (helmet restricted)
rElec  .         Spirit   .     q - +0 cloak
rCorr  .         Warding  .     (gloves unavailable)
rMut   .         Stasis   .     (boots unavailable)
MR     .....                    x - amulet of inaccuracy (curse)
Stlth  ..........               (no ring)
                                w - ring of loudness (curse)

@: not resistant to hostile enchantments, extremely unstealthy
A: unfitting armour, claws 3, fast metabolism 3, gourmand, regeneration 2,
shaggy fur 1, tough skin 2
a: no special abilities


You were on level 4 of the Dungeon.
You were not hungry.

You visited 1 branch of the dungeon, and saw 5 of its levels.

You collected 109 gold pieces.

Inventory:

Hand weapons
 a - a +0 hand axe
 v - a +0 blowgun
Missiles
 e - 5 tomahawks of dispersal
 j - 4 large rocks (quivered)
 k - 2 needles of slowing
 l - 9 poisoned needles
Armour
 b - a +0 robe (worn)
 q - a +0 cloak (worn)
Jewellery
 w - a cursed ring of loudness (left claw)
 x - a cursed amulet of inaccuracy (around neck)
Magical devices
 t - a wand of random effects (15)
Scrolls
 d - a scroll of blinking
 u - a scroll of fog
Potions
 h - 2 potions of degeneration {unknown}
 m - 2 potions of agility {unknown}
 n - a potion of heal wounds {unknown}
 o - a potion of magic
 p - 4 potions of poison {unknown}
 r - a potion of haste {unknown}
Books
 c - a book of Spatial Translocations

   Spells                             Type                      Level
   a - Apportation                    Translocation                1
   b - Blink                          Translocation                2
   c - Shroud of Golubria             Charms/Translocation         2
   d - Portal Projectile              Translocation                3
   e - Teleport Other                 Translocation                3
   f - Passage of Golubria            Translocation                4
Comestibles
 f - 3 bread rations
 g - a beef jerky
 i - a royal jelly
 s - 4 fruits


   Skills:
 + Level 4.2 Fighting
 - Level 1.5 Axes
 + Level 3.7 Throwing
 - Level 1.9 Dodging
 - Level 1.2 Spellcasting
 - Level 2.1 Translocations


You had 6 spell levels left.
You knew the following spells:

 Your Spells              Type           Power        Failure   Level  Hunger
a - Apportation           Tloc           #.........   14%         1    ##.....


Dungeon Overview and Level Annotations

Branches:
Dungeon (5/15)
 Temple: D:4-7

Altars:
Gozag
Qazlal
Xom

Annotations:
D:2 Terence
D:3 graki42's ghost, average DEFE
D:4 Sigmund


Innate Abilities, Weirdness & Mutations

You are too large for most types of armour.
You have claws for hands.
Your metabolism is lightning-fast.
You like to eat raw meat.
You heal very quickly.
You are covered in fur (AC +1).
You have very tough skin (AC +2).


Message History

The ice beast barely misses you.
Evoke which item? (* to show all) (? for menu, Esc to quit)
Zapping:
t - a wand of random effects {zapped: 3} (will waste charges)
Press: ? - help, Shift-Dir - straight line, f/p - ice beast
Aim: an ice beast (moderately wounded)
The ice beast resists with some effort.
Evoking this partially-identified wand wasted a few charges.
The ice beast closely misses you.
An orc comes into view.
Evoke which item? (* to show all) (? for menu, Esc to quit)
Zapping:
t - a wand of random effects {zapped: 5} (will waste charges)
Press: ? - help, Shift-Dir - straight line, f/p - ice beast
Aim: an ice beast (lightly wounded)
The bolt of fire misses the ice beast.
Evoking this partially-identified wand wasted a few charges.
The orc shouts!
The ice beast hits you.
* * * LOW HITPOINT WARNING * * *
The ice beast freezes you!
You die...

....#.###.# ### .##
..#....#.#...# ... ...
.?.........>## ... ..
..........<..# #....
..#....#.#.[.### #..#.
..#....#.#†..... ..#....
.......#........
.......##................
#..Y@................
#...##.....o.###......
#.## ....... .$...... #
##########...... #....##
#....# .....# .$##.#


You could see an ice beast and an orc.

Vanquished Creatures
  A centaur (D:5)
  A scorpion (D:4)
  A giant frog zombie (D:5)
  A hound (D:5)
  An orc wizard (D:3)
  2 worker ants (D:5)
  3 adders
  A shadow imp (D:5)
  A worm (D:2)
  A giant gecko (D:4)
  4 orcs (D:3)
  A ball python (D:2)
  2 giant cockroaches
  2 goblins
  A hobgoblin (D:3)
  2 kobolds
  2 bats (D:2)
27 creatures vanquished.

Notes
Turn   | Place    | Note
--------------------------------------------------------------
     0 | D:1      | Roadrunner the Troll Warper began the quest for the Orb.
     0 | D:1      | Reached XP level 1. HP: 19/19 MP: 1/1
    72 | D:1      | Reached skill level 1 in Throwing
    72 | D:1      | Reached XP level 2. HP: 9/28 MP: 2/2
   120 | D:3      | Noticed graki42's ghost (average DEFE)
   164 | D:3      | Found an opulent altar of Gozag.
   395 | D:2      | Found a stormy altar of Qazlal.
   441 | D:2      | Noticed Terence
   512 | D:2      | Reached XP level 3. HP: 32/35 MP: 3/3
   521 | D:2      | Found a shimmering altar of Xom.
   641 | D:5      | Entered Level 5 of the Dungeon
   664 | D:5      | Reached XP level 4. HP: 18/44 MP: 4/4
   769 | D:4      | Noticed a scorpion
   772 | D:4      | Reached skill level 3 in Fighting
   793 | D:4      | Killed a scorpion
   793 | D:4      | Reached XP level 5. HP: 15/53 MP: 5/5
   795 | D:4      | Noticed Sigmund
   950 | D:5      | Noticed a centaur
   965 | D:5      | Killed a centaur
   965 | D:5      | Reached skill level 4 in Fighting
  1006 | D:5      | Reached XP level 6. HP: 10/62 MP: 6/6
  1079 | D:5      | Noticed an ice beast
  1088 | D:4      | HP: 3/62 [ice beast (8)]
  1091 | D:4      | Mangled by an ice beast

Vault maps used:
D:1:      dpeg_arrival_ternary, kennysheep_flooded_box
D:2:      nicolae_qazlal_general_emergency, xom_butterflies, lemuel_round_altar,
          cheibriados_altar_wand_db, uniq_terence
D:3:      old_standard_altar, old_standard_altar, lightli_sewer_entry_pipes,
          hangedman_decor_riveting
D:4:      first_bread, uniq_blork_the_orc, uniq_natasha, uniq_sigmund
D:5:      minmay_temple_entry_overgrown

Action                   |  1- 3 |  4- 6 || total
-------------------------+-------+-------++-------
Melee: Unarmed           |    85 |    94 ||   179
       Hand axe          |     2 |       ||     2
 Fire: Blowgun           |       |     5 ||     5
Throw: Large rock        |     2 |       ||     2
Evoke: Wand              |       |     3 ||     3
  Use: Scroll            |       |     4 ||     4
  Eat: Chunk             |     7 |     4 ||    11
